 Dungeon Crawl Stone Soup version 0.31.0-4-g52a2dc7128 (webtiles) character file.

Game seed: 15490191115013027425

181635 Jase the Rapturous (level 18, 0/173 HPs)
             Began as a Hill Orc Monk on Jan 22, 2024.
             Was a Believer of Uskayaw.
             Slain by a spark wasp (12 damage)
             ... on level 2 of the Spider Nest.
             The game lasted 02:08:28 (29379 turns).

Jase the Rapturous (Hill Orc Monk)                 Turns: 29379, Time: 02:08:28

Health: 0/173      AC: 27    Str: 19 (20) XL:     18   Next: 31%
Magic:  28/32      EV: 10    Int:  9 (10) God:    Uskayaw [**....]
Gold:   3304       SH:  0    Dex: 23      Spells: 17/17 levels left

rFire   . . .        a - +5 battleaxe (flame)
rCold   . . .        (shield currently unavailable)
rNeg    . . .        E - +2 chain mail {rPois}
rPois   +            H - +0 helmet
rElec   .            V - +1 cloak
rCorr   .            q - +1 pair of gloves
SInv    +            u - +2 pair of boots {Stlth+}
Will    +....        Z - amulet "Wiug Wusch" {-Cast Fly Regen+ Dex+8} Stlth
                     t - ring of see invisible
HPRegen 1.28/turn    L - +4 ring of slaying
MPRegen 0.23/turn

%: no spellcasting
@: flying, studying 2 skills
A: no striking features
a: Renounce Religion, Stomp, Line Pass


You were on level 2 of the Spider Nest.
You worshipped Uskayaw.
Uskayaw was greatly pleased with you.
You visited 6 branches of the dungeon, and saw 28 of its levels.
You visited the Abyss 1 time.
You also visited: Ossuary, Bailey and Volcano.

You collected 3959 gold pieces.
You spent 655 gold pieces at shops.

Inventory:

Hand Weapons
 a - a +5 battleaxe of flaming (weapon)
Missiles
 r - 33 poisoned darts
 P - 4 throwing nets
 S - 7 curare-tipped darts
 T - 33 boomerangs (quivered)
 W - 14 javelins
Armour
 q - a +1 pair of gloves (worn)
 u - a +2 pair of boots of stealth (worn)
 w - the +15 Maxwell's patent armour {-Cast -Tele rElec Will+ rCorr}
   (You found it on level 2 of the Dungeon)

   rElec:     It insulates you from electricity.
   Will+:     It increases your willpower.
   -Cast:     It prevents spellcasting.
   -Tele:     It prevents most forms of teleportation.
   rCorr:     It protects you from acid and corrosion.
 E - a +2 chain mail of poison resistance (worn)
 H - a +0 helmet (worn)
 V - a +1 cloak (worn)
Jewellery
 b - a ring of protection from fire
 c - a ring of willpower
 t - a ring of see invisible (left hand)
 G - a ring of willpower
 I - a ring of protection from fire
 L - a +4 ring of slaying (right hand)
 N - a ring of positive energy
 Z - the amulet "Wiug Wusch" (around neck) {-Cast Fly Regen+ Dex+8}
   (You bought it in a shop on level 2 of the Orcish Mines)

   [amulet of regeneration]

   Dex+8:     It affects your dexterity (+8).
   Fly:       It grants you flight.
   -Cast:     It prevents spellcasting.
   Regen+:    It increases your rate of health regeneration.
Wands
 d - a wand of paralysis (16)
 g - a wand of flame (67)
 x - a wand of mindburst (15)
 y - a wand of digging (8)
 Q - a wand of acid (11)
 U - a wand of iceblast (7)
Scrolls
 e - 6 scrolls of revelation
 f - 4 scrolls of poison
 h - a scroll of fear
 i - 3 scrolls of blinking
 k - 4 scrolls of amnesia
 n - a scroll of enchant weapon
 s - a scroll of silence
 C - 5 scrolls of enchant armour
 D - 5 scrolls of fog
 F - 6 scrolls of summoning
 O - 11 scrolls of teleportation
 R - 3 scrolls of brand weapon
Potions
 j - 4 potions of enlightenment
 l - 8 potions of curing
 m - 11 potions of heal wounds
 o - 5 potions of attraction
 p - 5 potions of invisibility
 v - 3 potions of haste
 z - 9 potions of mutation
 A - 3 potions of ambrosia
 B - 6 potions of cancellation
 J - 3 potions of might
 K - 6 potions of magic
 X - 2 potions of resistance
Miscellaneous
 Y - a phial of floods


   Skills:
 + Level 18.6 Fighting
 - Level 20.0 Axes
 - Level 5.0 Throwing
 + Level 16.6 Armour
 - Level 2.4 Dodging
 + Level 21.7 Invocations
 + Level 7.6 Evocations


You had 17 spell levels left.
You didn't know any spells.
Your spell library contained the following spells:

 Spells                   Type           Power      Damage    Failure   Level
 Necrotise                Necr           0%         1d4       86%         1
 Slow                     Hex            0%         N/A       86%         1
 Sting                    Conj/Alch      0%         1d3       86%         1
 Cigotuvi's Dreadful Rot  Necr/Alch/Air  0%         N/A       95%         2
 Mercury Vapours          Alch/Air       0%         N/A       95%         2
 Confusing Touch          Hex            0%         N/A       99%         3
 Dazzling Flash           Conj/Hex       0%         N/A       99%         3
 Fugue of the Fallen      Necr           0%         N/A       99%         3
 Hailstorm                Conj/Ice       0%         3d5       99%         3
 Ozocubu's Armour         Ice            0%         N/A       99%         3
 Sigil of Binding         Hex            0%         N/A       99%         3
 Summon Ice Beast         Ice/Summ       0%         N/A       99%         3
 Tukima's Dance           Hex            0%         N/A       99%         3
 Vampiric Draining        Necr           0%         2d6       99%         3
 Volatile Blastmotes      Fire/Tloc      0%         2d10      99%         3
 Dimensional Bullseye     Hex/Tloc       0%         N/A       100%        4
 Ignite Poison            Fire/Alch      0%         N/A       100%        4
 Iskenderun's Mystic Bla  Conj/Tloc      0%         2d3       100%        4
 Manifold Assault         Tloc           0%         N/A       100%        4
 Martyr's Knell           Necr/Summ      0%         N/A       100%        4
 Olgreb's Toxic Radiance  Alch           0%         N/A       100%        4
 Alistair's Intoxication  Alch           0%         N/A       100%        5
 Borgnjor's Vile Clutch   Necr/Erth      0%         N/A       100%        5
 Curse of Agony           Necr           0%         N/A       100%        5
 Freezing Cloud           Conj/Ice/Air   0%         6-21      100%        5
 Dispersal                Tloc           0%         N/A       100%        6
 Eringya's Noxious Bog    Alch           0%         4d6       100%        6
 Sculpt Simulacrum        Ice/Alch       0%         N/A       100%        6
 Starburst                Conj/Fire      0%         6d3       100%        6
 Disjunction              Tloc           0%         N/A       100%        8
 Maxwell's Capacitive Co  Air            0%         ∞         100%        8
 Chain Lightning          Conj/Air       0%         N/A       100%        9
 Fire Storm               Conj/Fire      0%         5d1       100%        9
 Shatter                  Erth           0%         3d5*      100%        9


Dungeon Overview and Level Annotations

Branches:
Dungeon (15/15)            Temple (1/1) D:5            Lair (5/5) D:9
 Shoals (3/4) Lair:3       Spider (2/4) Lair:3        Slime (0/5) Lair:5
    Orc (2/2) D:12            Elf (0/3) Orc:2        Vaults (0/5) D:13
 Depths (0/4) D:15        Ossuary (visited)          Bailey (visited)
Volcano (visited)

Altars:
Ashenzari
Cheibriados
Dithmenos
Elyvilon
Fedhas
Gozag
Hepliaklqana
Kikubaaqudgha
Makhleb
Nemelex Xobeh
Okawaru
Qazlal
Ru
Sif Muna
Trog
Uskayaw
Vehumet
Wu Jian
Xom
Yredelemnul
Zin
The Shining One
Beogh
Jiyva

Shops:
D:14 (   Orc:2 *=(=

Portals:
Trove: D:15 (give horn of Geryon)

Annotations:
D:4 1 exclusion
D:7 14 exclusions
D:10 exclusion: obsidian statue
D:11 1 exclusion
D:13 1 runed translucent door
Orc:1 9 exclusions


Message History

The spark wasp completely misses you.
You can no longer pass through a line of other dancers.
You slash the tarantella! You burn the tarantella.
You kill the tarantella!
You barely miss the spark wasp.
You feel less confused. The spark wasp stings you. The spark wasp shocks you!
You can now pass through a line of other dancers.
You slash the spark wasp! You burn the spark wasp.
The spark wasp is lightly wounded.
The spark wasp completely misses you.
You barely miss the spark wasp.
The spark wasp is lightly wounded.
The spark wasp stings you. The spark wasp shocks you!
You slash the spark wasp! You burn the spark wasp.
The spark wasp is heavily wounded.
The spark wasp stings you but does no damage.
You closely miss the spark wasp.
The spark wasp is heavily wounded.
The spark wasp completely misses you.
You hit the spark wasp but do no damage.
The spark wasp is heavily wounded.
The spark wasp stings you. The spark wasp shocks you!
* * * LOW HITPOINT WARNING * * *
You slice the spark wasp!! You burn the spark wasp!
The spark wasp is almost dead.
The spark wasp stings you!
* * * LOW HITPOINT WARNING * * *
The spark wasp shocks you!
* * * LOW HITPOINT WARNING * * *
Uskayaw will force your foes to helplessly watch your dance.
You miss the spark wasp.
The spark wasp is almost dead.
The spark wasp stings you but does no damage.
Aiming: Line Pass
Press: ? - help, Dir - move target The spark wasp appears confused.
The spark wasp stings you!
* * * LOW HITPOINT WARNING * * *
The spark wasp shocks you!
You die...

###.....^.
#...........
##......^....
#........>...
#............
##............
##........^....
##....@y........
#........†....#
###
#......###...## ..
#......# ..# #.
#..###.##.# ..#
#.########.....#
^<#
#...^.†...####.#
..
##..#.....^..#.##
#
###.####..........


You could see a spark wasp (confused).

Vanquished Creatures
  13 starcursed masses (Abyss:3)
  2 krakens
  Polyphemus (Shoals:3)
  2 tentacled starspawn (Abyss:3)
  A juggernaut zombie (D:15)
  3 ghost moths (Spider:1)
  The ghost of Giaff the Carver, a journeyman DsGl of Makhleb (D:15)
  A dire elephant (Lair:5)
  A red draconian (Volcano)
  A spark wasp (Spider:1)
  3 merfolk javelineers (Shoals:3)
  Snorg (Orc:1)
  A merfolk impaler (Shoals:3)
  An entropy weaver (Spider:1)
  The ghost of Olid the Thaumaturge, a journeyman DrCj of Vehumet (Lair:1)
  The ghost of Zusoliwk the Skirmisher, a journeyman CeHu of Okawaru (Lair:1)
  A quicksilver dragon zombie (D:15)
  The ghost of occam the Destroyer, a journeyman OpFE of Vehumet (D:10)
  9 hydras
  The ghost of Otaacuat the Fighter, a journeyman DsGl of Gozag (Lair:1)
  The ghost of Otaacuat the Fighter, a journeyman DsGl of Gozag (Lair:1)
  2 catoblepae
  2 sphinx zombies (D:15)
  2 vault guards
  Fannar (Orc:1)
  4 ogre magi (Orc:2)
  4 merfolk avatars
  6 centaur warriors
  2 merfolk aquamancers (Shoals:3)
  7 boulder beetles
  2 alligator snapping turtles
  A spectral fire giant (D:15)
  14 two-headed ogres
  11 death yaks
  3 tengu warriors
  The ghost of Wuochyse the Thaumaturge, a journeyman DEHW of Sif Muna (Lair:1)
  The ghost of BeingJoeMalik the Slicer, a novice NaEn of Hepliaklqana (D:9)
  2 vampire magi
  Urug (Orc:1)
  An occultist (D:15)
  A titan zombie (D:15)
  2 demonic crawlers (Spider:1)
  Sonja (Orc:2)
  Nergalle (D:11)
  8 skeletal warriors
  A wretched star (Abyss:3)
  A salamander mystic (Volcano)
  3 pharaoh ants
  A spark wasp zombie (D:15)
  4 skysharks
  5 sea snakes
  A glowing orange brain (D:10)
  An orb spider (Spider:1)
  2 steelbarb worms (Spider:1)
  14 harpies
  A necromancer (D:15)
  5 orc knights
  2 deep elf pyromancers (D:15)
  6 ugly things
  7 fauns
  An oklob plant (Lair:3)
  9 cyclopes
  2 orc sorcerers (Orc:2)
  2 elephants (Lair:5)
  2 large abominations (Abyss:3)
  2 moths of wrath
  8 wolf spiders
  13 manticores
  5 merfolk sirens
  Maurice (D:9)
  6 salamanders (Volcano)
  3 meliai (Spider:1)
  A worldbinder (Abyss:3)
  4 black mambas
  2 gargoyles
  3 smoke demons (Abyss:3)
  2 orange demons (Abyss:3)
  A torpor snail (Spider:1)
  An unseen horror (D:12)
  3 water nymphs
  17 cane toads
  A cane toad (shapeshifter) (D:15)
  9 komodo dragons
  A yaktaur (D:15)
  5 rime drakes
  An ice devil (Abyss:3)
  An efreet (D:15)
  2 tengu conjurers (D:15)
  An ancient zyme (Abyss:3)
  Prince Ribbit (D:7)
  26 merfolk
  8 trolls
  3 hornets
  A tengu simulacrum (D:15)
  Grinder (D:4)
  7 wind drakes
  6 snapping turtles
  10 tarantellas
  2 raiju (Abyss:3)
  8 dream sheep
  2 spriggan zombies (D:15)
  5 polar bears
  A stone giant simulacrum (D:15)
  25 blink frogs
  A fire giant simulacrum (D:15)
  11 jumping spiders
  4 shadows
  13 slime creatures
  6 spriggans (Lair:1)
  A centaur simulacrum (D:13)
  4 culicivoras
  Sigmund (D:4)
  41 yaks
  6 water elementals
  A yak (shapeshifter) (D:8)
  6 basilisks
  7 wyverns
  The ghost of Shen the Chopper, an amateur MiFi of Gozag (D:7)
  4 wraiths
  3 steam dragons
  20 redbacks
  2 wargs
  7 vampire mosquitoes
  A neqoxec (Abyss:3)
  Menkaure (D:7)
  2 chaos spawn (Abyss:3)
  An acid dragon (D:8)
  A glowing shapeshifter zombie (D:15)
  14 water moccasins
  A naga skeleton (Abyss:3)
  3 ice beasts
  26 orc warriors
  A sky beast (D:8)
  2 black bears
  28 ogres
  10 wolves
  10 centaurs
  A phantom (D:6)
  2 kobold brigands
  4 scorpions
  15 bullfrogs
  2 small abominations (Abyss:3)
  A gnoll sergeant (D:7)
  9 howler monkeys
  A crimson imp (Abyss:3)
  A bombardier beetle (D:6)
  3 bullfrog zombies (Ossuary)
  A hound (D:5)
  3 gnoll boudas
  4 jellies
  14 orc priests
  4 sleepcaps
  3 iguanas
  20 orc wizards
  A killer bee zombie (Ossuary)
  3 crocodile zombies (Ossuary)
  3 hound zombies (Ossuary)
  10 mummies (Ossuary)
  2 howler monkey zombies (Ossuary)
  Robin (D:2)
  14 gnolls
  3 adders
  A shadow imp (D:7)
  2 white imps
  5 ufetubi
  2 dart slugs
  A ribbon worm (D:2)
  87 orcs
  5 endoplasms
  4 giant cockroaches
  14 hobgoblins
  5 jackals
  4 quokkas
  6 ball pythons
  2 ball python zombies (Ossuary)
  3 bats
  6 frilled lizards
  23 goblins
  6 kobolds
  7 rats
  A butterfly (Lair:1)
  3 starspawn tentacles (Abyss:3)
  3 tentacles
951 creatures vanquished.

Vanquished Creatures (others)
  A merfolk (Shoals:3)
  2 starspawn tentacles (Abyss:3)
  5 tentacles
8 creatures vanquished.

Grand Total: 959 creatures vanquished

Notes
Turn   | Place    | Note
-------+----------+-------------------------------------------
     0 | D:1      | Jase the Hill Orc Monk began the quest for the Orb.
     0 | D:1      | Reached XP level 1. HP: 19/19 MP: 1/1
    84 | D:1      | Reached XP level 2. HP: 11/26 MP: 2/2
   154 | D:1      | Reached skill level 5 in Axes
   507 | D:1      | Reached XP level 3. HP: 31/31 MP: 3/3
  1246 | D:2      | Reached XP level 4. HP: 38/39 MP: 4/4
  1531 | D:2      | Noticed Robin
  1560 | D:2      | Killed Robin
  1744 | D:2      | Found the +15 Maxwell's patent armour {-Cast -Tele rElec
                  | Will+ rCorr}
  2122 | D:3      | Found a shadowy altar of Dithmenos.
  2241 | D:3      | Reached XP level 5. HP: 45/45 MP: 5/5
  2325 | D:4      | Noticed Sigmund
  2360 | D:4      | Killed Sigmund
  2361 | D:4      | Reached XP level 6. HP: 41/51 MP: 6/6
  2381 | D:4      | Found a sand-covered staircase.
  2404 | Ossuary  | Entered an ossuary
  2499 | Ossuary  | Reached XP level 7. HP: 57/57 MP: 7/7
  2768 | Ossuary  | Reached skill level 5 in Armour
  3594 | D:4      | Noticed Grinder
  3617 | D:4      | Killed Grinder
  3618 | D:4      | Reached skill level 10 in Axes
  3618 | D:4      | Reached XP level 8. HP: 61/64 MP: 8/8
  3767 | D:5      | Entered Level 5 of the Dungeon
  3823 | D:5      | Found an opulent altar of Gozag.
  3869 | D:5      | Found a staircase to the Ecumenical Temple.
  4504 | D:6      | Reached XP level 9. HP: 70/70 MP: 9/9
  4691 | D:6      | Noticed a troll
  4716 | D:6      | Killed a troll
  4938 | Temple   | Entered the Ecumenical Temple
  4971 | Temple   | Became a worshipper of Uskayaw the Reveller
  4971 | Temple   | Reached * piety under Uskayaw
  5052 | D:6      | Reached ** piety under Uskayaw
  5293 | D:7      | Reached *** piety under Uskayaw
  5299 | D:7      | Reached **** piety under Uskayaw
  5361 | D:7      | Noticed a hornet
  5368 | D:7      | Killed a hornet
  5369 | D:7      | Reached skill level 1 in Invocations
  5406 | D:7      | Reached skill level 2 in Invocations
  5423 | D:7      | Reached ***** piety under Uskayaw
  5446 | D:7      | Found a transporter.
  5450 | D:7      | Noticed Shen's ghost (amateur MiFi)
  5462 | D:7      | Found a transporter.
  5565 | D:7      | Found a flagged portal.
  5575 | Bailey   | Entered a bailey
  5651 | Bailey   | Reached skill level 3 in Invocations
  5669 | Bailey   | Noticed an orc knight
  5672 | Bailey   | Noticed an orc knight
  5672 | Bailey   | Noticed an orc knight
  5698 | Bailey   | Killed an orc knight
  5699 | Bailey   | Reached skill level 4 in Invocations
  5699 | Bailey   | Reached XP level 10. HP: 32/77 MP: 11/13
  5703 | Bailey   | Killed an orc knight
  5704 | Bailey   | Reached skill level 10 in Armour
  5704 | Bailey   | Reached skill level 5 in Invocations
  5895 | Bailey   | Killed an orc knight
  5965 | Bailey   | Reached skill level 6 in Invocations
  6022 | D:7      | Acquired a +1 battleaxe of venom
  6078 | D:7      | Noticed Menkaure
  6092 | D:7      | Killed Menkaure
  6307 | D:7      | Noticed Prince Ribbit
  6312 | D:7      | Killed Prince Ribbit
  6639 | D:8      | Noticed a white ugly thing
  6641 | D:8      | Noticed a cyclops
  6655 | D:8      | Killed a white ugly thing
  6658 | D:8      | Killed a cyclops
  6659 | D:8      | Reached skill level 7 in Invocations
  6662 | D:8      | Noticed a black mamba
  7173 | D:8      | Reached skill level 8 in Invocations
  7173 | D:8      | Reached XP level 11. HP: 68/84 MP: 15/17
  7748 | D:8      | Reached skill level 15 in Axes
  7906 | D:9      | Reached skill level 5 in Fighting
  7947 | D:9      | Noticed a tengu warrior
  7954 | D:9      | Found a bloodstained altar of Trog.
  7960 | D:9      | Noticed a moth of wrath
  7966 | D:9      | Noticed BeingJoeMalik's ghost (novice NaEn)
  7977 | D:9      | Found a transporter.
  7995 | D:9      | Found a transporter.
  8073 | D:9      | Noticed Maurice
  8090 | D:9      | Killed Maurice
  8116 | D:9      | Reached skill level 9 in Invocations
  8384 | D:9      | Found a staircase to the Lair.
  8606 | D:10     | Entered Level 10 of the Dungeon
  8837 | D:10     | Found a runed translucent gate.
  8837 | D:10     | Found a runed translucent gate.
  8838 | D:10     | Found a runed translucent gate.
  8838 | D:10     | Noticed a glowing orange brain
  8838 | D:10     | Noticed occam's ghost (journeyman OpFE)
  8881 | D:10     | Noticed a cyclops
  8898 | D:10     | Killed a cyclops
  9066 | D:10     | Noticed an obsidian statue
  9523 | D:10     | Found a viscous altar of Jiyva.
  9553 | Lair:1   | Entered Level 1 of the Lair of Beasts
  9562 | Lair:1   | Reached skill level 10 in Invocations
  9571 | Lair:1   | Reached ****** piety under Uskayaw
  9767 | Lair:1   | Found a runed translucent gate.
  9769 | Lair:1   | Found a runed translucent gate.
  9770 | Lair:1   | Found a runed translucent gate.
  9772 | Lair:1   | Noticed Olid's ghost (journeyman DrCj)
  9772 | Lair:1   | Noticed Wuochyse's ghost (journeyman DEHW)
  9773 | Lair:1   | Noticed Zusoliwk's ghost (journeyman CeHu)
  9773 | Lair:1   | Noticed Otaacuat's ghost (journeyman DsGl)
  9774 | Lair:1   | Noticed Otaacuat's ghost (journeyman DsGl)
  9803 | Lair:1   | Reached XP level 12. HP: 78/101 MP: 18/20
  9967 | Lair:1   | Reached skill level 11 in Invocations
 10565 | Lair:1   | Reached skill level 12 in Invocations
 10966 | Lair:1   | Reached skill level 10 in Fighting
 11125 | Lair:1   | Acquired 665 gold pieces
 11738 | Lair:2   | Noticed a seven-headed hydra
 11743 | Lair:2   | Reached skill level 13 in Invocations
 11867 | Lair:1   | Reached XP level 13. HP: 95/114 MP: 22/22
 12639 | Lair:3   | Found a hole to the Spider Nest.
 12663 | Lair:3   | Reached skill level 14 in Invocations
 12975 | Lair:3   | Found a staircase to the Shoals.
 13332 | Lair:3   | You fall into a shaft and drop 1 floor!
 13583 | Lair:4   | Identified the +0 pair of boots of Undesirable Species {rC+
                  | MP+9 Slay-3 Stlth+}
 13708 | Lair:4   | Reached skill level 1 in Throwing
 14415 | D:11     | Reached skill level 15 in Invocations
 14494 | D:11     | Found a frozen archway.
 14604 | D:11     | Found a radiant altar of Vehumet.
 14847 | D:11     | Noticed Nergalle
 14862 | D:11     | Killed Nergalle
 15021 | D:11     | Reached XP level 14. HP: 126/126 MP: 25/25
 15872 | D:12     | Found a roughly hewn altar of Beogh.
 15872 | D:12     | Found a staircase to the Orcish Mines.
 16208 | Orc:1    | Entered Level 1 of the Orcish Mines
 16254 | Orc:1    | Noticed Urug
 16269 | Orc:1    | Killed Urug
 16338 | Orc:1    | Noticed Snorg
 16345 | Orc:1    | Killed Snorg
 16346 | Orc:1    | Reached skill level 16 in Invocations
 16426 | Orc:1    | Found a dark tunnel.
 16426 | Orc:1    | Noticed Fannar
 16444 | Orc:1    | Killed Fannar
 16458 | Volcano  | Entered a volcano
 16840 | Volcano  | Noticed a red draconian
 16853 | Volcano  | Killed a red draconian
 18108 | D:13     | Reached skill level 17 in Invocations
 18199 | D:13     | Found a gate to the Vaults.
 18538 | D:13     | Found a runed translucent door.
 18834 | Lair:5   | Entered Level 5 of the Lair of Beasts
 18857 | Lair:5   | Found a staircase to the Slime Pits.
 18862 | Lair:5   | Reached XP level 15. HP: 98/138 MP: 27/27
 19993 | Lair:5   | Reached skill level 18 in Invocations
 20948 | Orc:2    | Entered Level 2 of the Orcish Mines
 20955 | Orc:2    | Reached skill level 15 in Fighting
 21039 | Orc:2    | Noticed Sonja
 21040 | Orc:2    | Killed Sonja
 21266 | Orc:2    | Found Rydonerr's Antique Weapon Emporium.
 21266 | Orc:2    | Found Xilowice's Jewellery Shop.
 21270 | Orc:2    | Found Kudius's General Store.
 21270 | Orc:2    | Found Xaory's Jewellery Emporium.
 21282 | Orc:2    | Bought the amulet "Wiug Wusch" {-Cast Fly Regen+ Dex+8} for
                  | 635 gold pieces
 21296 | Orc:2    | Bought a scroll of identify for 20 gold pieces
 21298 | Orc:2    | Found a staircase to the Elven Halls.
 21324 | Orc:2    | Reached skill level 19 in Invocations
 21800 | Shoals:1 | Entered Level 1 of the Shoals
 21933 | Shoals:1 | Reached XP level 16. HP: 128/151 MP: 29/29
 21990 | Shoals:1 | Reached skill level 1 in Evocations
 22987 | Shoals:2 | Noticed a kraken
 22995 | Shoals:2 | Killed a kraken
 23833 | Shoals:3 | Reached skill level 5 in Throwing
 24031 | Shoals:3 | Noticed Polyphemus
 24061 | Shoals:3 | Killed Polyphemus
 24065 | Abyss:3  | Cast into level 3 of the Abyss (merfolk javelineer)
 24087 | Abyss:3  | Killed a starcursed mass
 24149 | Abyss:3  | Reached skill level 5 in Evocations
 24157 | Abyss:3  | Paralysed by accursed screaming for 1 turns
 24166 | Abyss:3  | Paralysed by accursed screaming for 1 turns
 24172 | Abyss:3  | Paralysed by accursed screaming for 1 turns
 24200 | Abyss:3  | Reached skill level 20 in Invocations
 24282 | Abyss:3  | Noticed a tentacled starspawn
 24289 | Abyss:3  | Noticed a tentacled starspawn
 24294 | Abyss:3  | Killed a tentacled starspawn
 24295 | Abyss:3  | Reached XP level 17. HP: 126/160 MP: 31/31
 24300 | Abyss:3  | Killed a tentacled starspawn
 24359 | Shoals:3 | Escaped the Abyss
 24364 | Shoals:3 | Reached skill level 15 in Armour
 24663 | Shoals:3 | Noticed a kraken
 24671 | Shoals:3 | Killed a kraken
 25386 | Lair:3   | Acquired a +1 pair of boots of stealth
 25590 | Spider:1 | Entered Level 1 of the Spider Nest
 25792 | D:14     | Found Romenof's Weapon Shoppe.
 26340 | D:15     | Entered Level 15 of the Dungeon
 26464 | D:15     | Found a runed translucent gate.
 26464 | D:15     | Found a runed translucent gate.
 26464 | D:15     | Found a runed translucent gate.
 26465 | D:15     | Noticed Giaff's ghost (journeyman DsGl)
 26603 | D:15     | Found a portal to a secret trove of treasure.
 26630 | D:15     | Found a staircase to the Depths.
 27177 | D:15     | Killed Giaff's ghost
 27180 | D:15     | Reached skill level 21 in Invocations
 27413 | D:7      | Killed Shen's ghost
 27497 | D:9      | Killed BeingJoeMalik's ghost
 27642 | D:10     | Killed occam's ghost
 27724 | Lair:1   | Killed Zusoliwk's ghost
 27725 | Lair:1   | Killed Otaacuat's ghost
 27725 | Lair:1   | Killed Olid's ghost
 27739 | Lair:1   | Killed Otaacuat's ghost
 27745 | Lair:1   | Killed Wuochyse's ghost
 27945 | Spider:1 | Reached XP level 18. HP: 150/172 MP: 32/32
 29379 | Spider:2 | Slain by a spark wasp

Illustrated notes

Levels and vault maps discovered:
D:1:      saegor_arrival_simple_c, layout_basic
D:2:      layout_basic, grunt_decor_resistance, uniq_robin
D:3:      layout_basic, lemuel_round_altar
D:4:      layout_loops_ring, nicolae_ossuary_entry_ruins,
          minmay_misc_feat_encased, dreamdust_wishing_well, minivault_5,
          uniq_grinder, uniq_sigmund
D:5:      layout_rooms, nicolae_gozag_cash_rules_everything_around_me,
          minmay_temple_entry_trees, st_stairs_8
D:6:      layout_rooms, blue_anna_alchemist
D:7:      layout_gridville, enter_bailey_4, gammafunk_ghost_smash,
          uniq_menkaure, uniq_prince_ribbit1
D:8:      cheibrodos_elevator_heist, layout_loops_ring,
          corexii_hall_statues_deadend
D:9:      layout_irregular_city, grunt_lair_entry_orc_guard_hut,
          gammafunk_ghost_wrathful_warriors, uniq_maurice
D:10:     layout_loops_ring, gammafunk_ghost_ooze, minmay_door_square,
          minivault_15
D:11:     layout_basic, portal_ice_cave_entry_pillars_1,
          nicolae_vehumet_altar_sigil, uniq_nergalle
D:12:     layout_loops_ring, david_orc_5
D:13:     layout_loops_corners, david_vaults_5, minmay_hidden_floor
D:14:     layout_roguey, serial_shops, shop
D:15:     gammafunk_depths_entry_grave, layout_basic,
          gammafunk_ghost_necromancy, enter_trove_5, nicolae_lava_and_water
Temple:   mainiacjoe_temple_cubbyholes
Lair:1:   kb_forest_paths, layout_cellular_growth, gammafunk_ghost_cemetery,
          dreamdust_gnoll_shepherd, lemuel_fruit_fields
Lair:2:   layout_chaotic_city, grunt_megastairs_3
Lair:3:   layout_hall_layers, mainiacjoe_shoals_entry_four_pools,
          nicolae_spider_entry_tight_spaces, beast_lair_carwin_6
Lair:4:   layout_regular_city, minmay_lair_drake_nest
Lair:5:   gammafunk_lair_ancient_temple, layout_regular_city, slime_entry_1,
          st_stairs_8, lemuel_fruit_tree
Shoals:1: layout_shoals, nicolae_shoals_wave_tunnel
Shoals:2: layout_shoals
Shoals:3: layout_shoals, uniq_polyphemus
Spider:1: nicolae_spider_hilbert_zone_3 [nicolae_spider_hilbert_4_sides_2_open,
          nicolae_spider_hilbert_3_sides_1_open,
          nicolae_spider_hilbert_3_sides_1_open,
          nicolae_spider_hilbert_3_sides_1_open,
          nicolae_spider_hilbert_3_sides_1_open,
          nicolae_spider_hilbert_4_sides_1_open,
          nicolae_spider_hilbert_4_sides_1_open,
          nicolae_spider_hilbert_4_sides_1_open,
          nicolae_spider_hilbert_4_sides_1_open,
          nicolae_spider_hilbert_4_sides_1_open,
          nicolae_spider_hilbert_4_sides_1_open,
          nicolae_spider_hilbert_4_sides_1_open,
          nicolae_spider_hilbert_4_sides_1_open,
          nicolae_spider_hilbert_3_sides_1_open,
          nicolae_spider_hilbert_3_sides_1_open,
          nicolae_spider_hilbert_3_sides_1_open,
          nicolae_spider_hilbert_3_sides_1_open]
Spider:2: layout_cave_pods, nicolae_spider_orb_run
Orc:1:    layout_diamond_mine, nicolae_volcano_entry_hallway, uniq_snorg,
          uniq_urug, uniq_fannar
Orc:2:    st_orc_ogre_mass, layout_caves, uniq_sonja

Skill      XL: |  1  2  3  4  5  6  7  8  9 10 11 12 13 14 15 16 17 18 |
---------------+-------------------------------------------------------+-----
Axes           | 5 6 7 8 10 11 13 14 16 17 19 20 | 20.0
Armour         | 2 4 6 7 9 11 12 13 14 16 | 16.6
Invocations    | 4 8 10 13 15 17 19 20 21 | 21.7
Fighting       | 4 7 10 12 14 15 16 18 | 18.6
Throwing       | 3 5 |  5.0
Evocations     | 5 6 7 |  7.6
Dodging        | |  2.4

Action                     |  1- 3 |  4- 6 |  7- 9 | 10-12 | 13-15 | 16-18 || total
---------------------------+-------+-------+-------+-------+-------+-------++-------
  Melee: Hand axe          |   103 |   171 |   383 |    31 |       |       ||   688
         Battleaxe         |       |       |       |   456 |   818 |   883 ||  2157
         Flail             |       |       |       |       |    28 |       ||    28
  Throw: Stone             |       |       |     3 |       |    12 |       ||    15
 Invoke: Line Pass         |       |       |       |       |     2 |     2 ||     4
         Grand Finale      |       |       |       |       |     1 |     2 ||     3
  Evoke: Wand              |       |       |       |       |       |     1 ||     1
    Use: Scroll            |       |       |     7 |     5 |     9 |    12 ||    33
         Potion            |       |       |     2 |       |       |     3 ||     5
   Stab: Paralysed         |       |       |     5 |    26 |    69 |   135 ||   235
         Petrified         |       |       |       |       |       |     7 ||     7
         Confused          |       |       |       |       |       |     1 ||     1
         Petrifying        |       |       |       |       |       |     1 ||     1
 Armour: Robe              |    18 |       |       |       |       |       ||    18
         Chain mail        |    29 |    20 |       |       |    12 |   228 ||   289
         Plate armour      |       |    87 |   285 |   326 |   690 |   737 ||  2125
  Dodge: Dodged            |    38 |    34 |    74 |   111 |   192 |   292 ||   741
  Block: Other             |       |       |       |    69 |   116 |       ||   185
         Reflection        |       |       |       |     1 |     6 |       ||     7
